 Dungeon Crawl Stone Soup version 0.27.0-1-g7a089689b8 (webtiles) character file.

Game seed: 15259793819574072254

156 Brandom the Slasher (level 5, -10/49 HPs)
             Began as a Palentonga Monk on Aug 9, 2021.
             Was a Priest of Jiyva.
             Mangled by Rayvis's ghost (17 damage)
             ... on level 3 of the Dungeon.
             The game lasted 00:06:43 (3608 turns).

Brandom the Slasher (Palentonga Monk)               Turns: 3608, Time: 00:06:43

Health: -10/49     AC:  8    Str: 16    XL:     5   Next: 14%
Magic:  5/5        EV:  5    Int:  9    God:    Jiyva [***...]
Gold:   84         SH:  0    Dex: 13    Spells: 4/4 levels left

rFire    . . .     SeeInvis +   a - +0 falchion
rCold    . . .     Faith    .   (no shield)
rNeg     . . .     Spirit   .   g - +0 chain mail
rPois    .         Reflect  .   (no helmet)
rElec    .         Harm     .   (no cloak)
rCorr    +         Rampage  .   i - +0 pair of gloves
Will     .....     Rnd*Rage +   (no barding)
Stlth    ..........             (no amulet)
HPRegen  0.16/turn              (no ring)
MPRegen  0.09/turn              (no ring)

@: no status effects
A: large, rugged brown scales 3, see invisible, deformed body, roll 1, armoured
tail, stinger 1, berserk 1, robust 1, evolution 1
a: Rolling Charge, Renounce Religion, Request Jelly


You were on level 3 of the Dungeon.
You worshipped Jiyva.
Jiyva was most pleased with you.
You visited 1 branch of the dungeon, and saw 3 of its levels.

You collected 84 gold pieces.

Inventory:

Hand Weapons
 a - a +0 falchion (weapon)
Armour
 b - a +0 robe
 g - a +0 chain mail (worn)
   (You took it off Terence on level 2 of the Dungeon)
 i - a +0 pair of gloves (worn)
   (You found it on level 3 of the Dungeon)
Scrolls
 c - 3 scrolls of noise {unknown}
 e - a scroll of magic mapping {unknown}
Potions
 d - a potion of curing {unknown}
 f - a potion of flight {unknown}
 j - a potion of ambrosia {unknown}
 k - a potion of invisibility
 l - a potion of brilliance {unknown}


   Skills:
 + Level 4.1 Fighting
 + Level 4.1 Long Blades
 + Level 3.4 Dodging
 - Level 1.2 Stealth


You had 4 spell levels left.
You didn't know any spells.
Your spell library contained the following spells:

 Spells                   Type           Power      Damage    Failure   Level
 Passwall                 Tmut/Erth      0%         N/A       100%        2
 Frozen Ramparts          Ice            0%         1d2       100%        3
 Swiftness                Air            0%         N/A       100%        3
 Ice Form                 Ice/Tmut       0%         N/A       100%        4
 Summon Ice Beast         Ice/Summ       0%         N/A       100%        4
 Invisibility             Hex            0%         N/A       100%        6


Dungeon Overview and Level Annotations

Branches:
Dungeon (3/15)

Altars:
Xom
Jiyva

Annotations:
D:3 Rayvis's ghost, amateur DsFi


Innate Abilities, Weirdness & Mutations

You are completely covered in rugged brown scales. (AC +3, +7% HP)
You have supernaturally acute eyesight. (SInv)
Armour fits poorly on your strangely shaped body.
You can roll at nearby foes to attack.
You have a long armoured tail.
Your tail ends in a poisonous barb.
You tend to lose your temper in combat.
You are robust. (+10% HP)
You evolve.


Message History

Rayvis's ghost hits the jelly.
The acid corrodes Rayvis's ghost!
Rayvis's ghost is burned by acid!
The jelly barely misses Rayvis's ghost.
Rayvis's ghost hits the jelly!
Lightning courses through the jelly!
The jelly dies!
Rayvis's ghost hits the jelly!
The jelly dies!
Rayvis's ghost hits the jelly!
Rayvis's ghost is burned by acid!
Rayvis's ghost hits the jelly!
The jelly dies!
You open the door.
Rayvis's ghost is no longer covered in acid.
The quokka splashes around in the water.
Rayvis's ghost hits the jelly!
Rayvis's ghost is burned by acid!
The jelly hits Rayvis's ghost but does no damage.
The quokka bites the jelly.
The quokka is burned by acid!
The jelly misses the quokka.
Rayvis's ghost hits the jelly!
The jelly dies!
The quokka splashes around in the water.
The jelly barely misses the quokka.
You hear a distant slurping noise.
You hit the rat.
You kill the rat!
Rayvis's ghost says, "What do you have that I didn't have?"
Rayvis's ghost whispers, "You will understand me better in a moment."
Rayvis's ghost says, "I'll split you in two!"
You hear a distant slurping noise.
Roll where?
Aim: Rayvis's ghost, wielding a weapon of electrocution (moderately damaged)
You roll forward with a clatter of scales!
You completely miss Rayvis's ghost.
Your tail-slap misses Rayvis's ghost.
Rayvis's ghost hits you.
* * * LOW HITPOINT WARNING * * *
Rayvis's ghost hits you but does no damage.
Rayvis's ghost barely misses you.
You swap places.
Rayvis's ghost hits the jelly!
The acid corrodes Rayvis's ghost!
Rayvis's ghost is burned by acid!
The jelly barely misses Rayvis's ghost.
Rayvis's ghost hits the jelly!
Lightning courses through the jelly!
The jelly dies!
Roll where?
Aim: Rayvis's ghost, wielding a weapon of electrocution (moderately damaged, covered in acid)
You roll forward with a clatter of scales!
You slash Rayvis's ghost! Rayvis's ghost closely misses you.
You slash Rayvis's ghost! Rayvis's ghost hits you!
* * * LOW HITPOINT WARNING * * *
You are electrocuted!
You die...

#.....#......#
#.....#......#
#.....#......#
#.....#......#
#########.####
#.#
#########.#
#.W.......#
#@#########
#○#
#############
#○#
#...(........
#.#
#.###########
#.# #.#
#.####.# ##
#......# #.
######## ###
#. #.# #.


You could see Rayvis's ghost (corroded).

Vanquished Creatures
  Terence (D:2)
  Natasha (twice) (D:3)
  2 gnolls (D:3)
  3 adders
  A worm (D:3)
  2 dart slugs (D:1)
  An orc (D:3)
  An endoplasm (D:1)
  2 giant cockroaches
  2 goblins
  2 hobgoblins
  5 jackals
  3 quokkas
  6 bats
  A kobold (D:2)
  6 rats
40 creatures vanquished.

Vanquished Creatures (others)
  A bullfrog (D:3)
  11 jellies
  An iguana (D:3)
  Natasha (D:3)
  2 gnolls (D:3)
  An adder (D:2)
  A river rat (D:3)
  3 endoplasms
  2 bats
  A giant cockroach (D:3)
  4 goblins
  A hobgoblin (D:3)
  4 jackals (D:2)
  2 quokkas
  A frilled lizard (D:2)
  3 kobolds (D:2)
  A rat (D:3)
  9 plants (D:1)
49 creatures vanquished.

Grand Total: 89 creatures vanquished

Notes
Turn   | Place    | Note
-------+----------+-------------------------------------------
     0 | D:1      | Brandom the Palentonga Monk began the quest for the Orb.
     0 | D:1      | Reached XP level 1. HP: 19/19 MP: 1/1
   385 | D:1      | Reached XP level 2. HP: 25/25 MP: 2/2
   394 | D:1      | Found a faded altar of an unknown god.
   400 | D:1      | Became a worshipper of Jiyva Jaahajus the Shapeless
   400 | D:1      | Reached * piety under Jiyva
   400 | D:1      | Reached ** piety under Jiyva
  1322 | D:2      | Reached *** piety under Jiyva
  1480 | D:2      | Gained mutation: You have a small jelly attached to you
                  | that senses nearby items. [Jiyva's grace]
  1512 | D:2      | Reached XP level 3. HP: 30/30 MP: 3/3
  1854 | D:2      | Found a shimmering altar of Xom.
  1978 | D:2      | Noticed Terence
  2105 | D:2      | Killed Terence
  2508 | D:3      | Reached XP level 4. HP: 39/39 MP: 4/4
  2888 | D:3      | Noticed Natasha
  2903 | D:3      | Killed Natasha
  2912 | D:3      | Noticed Natasha
  2915 | D:3      | Lost mutation: You have a small jelly attached to you that
                  | senses nearby items. [potion of mutation]
  2915 | D:3      | Gained mutation: Your tail ends in a poisonous barb.
                  | [potion of mutation]
  2915 | D:3      | Gained mutation: You tend to lose your temper in combat.
                  | [potion of mutation]
  2915 | D:3      | Gained mutation: You evolve. [potion of mutation]
  2915 | D:3      | Gained mutation: You are robust. (+10% HP) [potion of
                  | mutation]
  2916 | D:3      | Killed Natasha
  2917 | D:3      | Reached XP level 5. HP: 18/49 MP: 5/5
  3003 | D:3      | Killed Natasha
  3313 | D:3      | Found a runed translucent door.
  3318 | D:3      | Noticed Rayvis's ghost (amateur DsFi)
  3352 | D:3      | Found a runed translucent door.
  3608 | D:3      | Mangled by Rayvis's ghost

Illustrated notes

Levels and vault maps discovered:
D:1:      lemuel_arrival_rhombus, layout_loops_ring,
          ebering_ecumenical_altar_box, serial_forest,
          infiniplex_forest_straight_2, infiniplex_forest_clump_small,
          infiniplex_forest_diagonal, infiniplex_forest_clump_large,
          infiniplex_forest_lined_corner, roderic_lattice_a, dk_noncrumbling_2
D:2:      layout_loops_corners, basic_altar, uniq_terence
D:3:      layout_basic, ebering_ghost_sewer_f, uniq_natasha

Skill      XL: |  1  2  3  4 |
---------------+-------------+-----
Dodging        | 3 |  3.4
Fighting       | 4 |  4.1
Long Blades    | 4 |  4.1
Stealth        | |  1.2

Action                   |  1- 3 |  4- 6 || total
-------------------------+-------+-------++-------
Melee: Falchion          |    90 |    45 ||   135
       Tailslap          |    16 |     8 ||    24
 Abil: Rolling Charge    |     2 |     3 ||     5
  Use: Potion            |       |     2 ||     2
 Stab: Sleeping          |     6 |       ||     6
       Invisible         |       |     2 ||     2
Armor: Robe              |    28 |       ||    28
       Chain mail        |    11 |    14 ||    25
Dodge: Dodged            |    44 |     9 ||    53
       Rpst.: Falchion   |    16 |     3 ||    19
